 Dungeon Crawl Stone Soup version 0.21-a0-110-g8e1637b (webtiles) character file.

1663 sscrono2 the Covert (level 9, -10/61 HPs)
             Began as an Octopode Assassin on July 8, 2017.
             Mangled by an ogre
             ... wielding a +0 giant club
              (23 damage)
             ... on level 6 of the Dungeon.
             The game lasted 00:11:32 (5980 turns).

sscrono2 the Covert (Octopode Assassin)             Turns: 5980, Time: 00:11:32

Health: -10/61     AC:  1    Str: 10    XL:     9   Next: 1%
Magic:  0/9        EV: 12    Int: 16    God:
Gold:   284        SH:  0    Dex: 14    Spells: 4/8 levels left

rFire    . . .     SeeInvis .   a - +2 dagger
rCold    . . .     Gourm    .   (no shield)
rNeg     . . .     Faith    .   (helmet restricted)
rPois    .         Spirit   +   p - amulet of guardian spirit
rElec    +         Reflect  .   (no ring)
rCorr    .         Harm     .   (no ring)
MR       .....                  (no ring)
Stlth    ++++++....             (no ring)
HPRegen  0.20/turn              (no ring)
MPRegen  0.11/turn              (no ring)
                                (no ring)
                                (no ring)

@: drained
A: almost no armour, stealthy swim, amphibious, 8 rings, constrict 8, camouflage
2, sense surroundings 1, electricity resistance, gelatinous body 1
a: no special abilities


You were on level 6 of the Dungeon.
You were not hungry.

You visited 1 branch of the dungeon, and saw 6 of its levels.

You collected 284 gold pieces.

Inventory:

Hand Weapons
 a - a +2 dagger (weapon)
 b - a +0 blowgun
Missiles
 c - 7 poisoned needles
 d - 2 curare-tipped needles
 q - a throwing net (quivered)
Armour
 n - a +0 shield
 y - the +10 large shield of Ignorance {rN+ Int-4}
   (You found it on level 4 of the Dungeon)

   It affects your intelligence (-4).
   It protects you from negative energy.
Jewellery
 p - an amulet of guardian spirit (around mantle)
Wands
 v - a wand of paralysis (0/24)
Scrolls
 e - a scroll of amnesia {unknown}
 j - a scroll of fear {unknown}
 l - 4 scrolls of teleportation
 s - 2 scrolls of remove curse
 u - a scroll of immolation {unknown}
 z - 2 scrolls of fog {unknown}
 C - a scroll of enchant weapon {unknown}
Potions
 g - 2 potions of magic
 h - a potion of berserk rage {unknown}
 k - 2 potions of curing
 m - 2 potions of heal wounds
 r - 4 potions of ambrosia
 w - a potion of haste {unknown}
 x - a potion of brilliance {unknown}
 A - 3 potions of flight {unknown}
 D - a potion of degeneration {unknown}
Books
 B - a book of Frost

   Spells                             Type                      Level
   a - Freeze                         Ice                          1
   b - Throw Frost                    Conjuration/Ice              2
   c - Ozocubu's Armour               Charms/Ice                   3
   d - Throw Icicle                   Conjuration/Ice              4
   e - Summon Ice Beast               Ice/Summoning                4
Comestibles
 f - 5 bread rations
 i - 3 fruits
 t - a meat ration


   Skills:
 + Level 5.6(4.7) Fighting
 * Level 7.6(6.6) Short Blades
 - Level 2.0(1.1) Throwing
 - Level 1.0(0.2) Dodging
 + Level 10.4(9.4) Stealth


You had 4 spell levels left.
You knew the following spells:

 Your Spells              Type           Power        Failure   Level  Hunger
a - Summon Ice Beast      Ice/Summ       #.......     94%         4    #####..


Dungeon Overview and Level Annotations

Branches:
Dungeon (6/15)
 Temple: D:4-7

Altars:
Elyvilon
Gozag
Hepliaklqana
Makhleb
Wu Jian
The Shining One

Annotations:
D:6 demenzo's ghost, novice FoAK


Innate Abilities, Weirdness & Mutations

You cannot wear most types of armour.
You are very stealthy in the water. (Stealth+)
You are amphibious.
You can wear up to eight rings at the same time.
You can use your tentacles to constrict eight enemies at once.
Your skin blends seamlessly with your surroundings (Stealth++).
Your rubbery body absorbs attacks. (AC +1, EV +1)
You passively map a small area around you.
You are resistant to electric shocks. (rElec)


Message History

The ogre is heavily wounded.
The ogre barely misses you.
You hit the ogre.
The ogre is heavily wounded.
Demenzo's ghost (novice Formicid Abyssal Knight) comes into view.
You closely miss the ogre. You squeeze the ogre.
The ogre is severely wounded.
The ogre hits you with a giant club!!
* * * LOW HITPOINT WARNING * * *
You hit the ogre. You squeeze the ogre.
The ogre is almost dead.
You barely miss the ogre.
The ogre is almost dead.
The ogre misses you.
You barely miss the ogre.
The ogre is almost dead.
You hit the ogre.
The ogre is almost dead.
The ogre hits you with a giant club!!
You die...

######### ##########
........# #.........
#######.# #........##
, # ##.##
##.>........ , #
#...#######.........#
#
#.#.........#..)>...#
* #
#...#######.........#
#
####.......@))......#
* #
#.######OW..>....# #
#.##......<.....## ,
#.#...##..#####.#
#............,, ..
#.....###.#### , ## *
#..#.## #.# ,, #..#.#
#.# * #..#.# #.# ,


You could see an ogre and demenzo's ghost.

Vanquished Creatures
  An ice beast (D:5)
  A phantom (D:5)
  A sky beast (D:5)
  2 ogres
  A gnoll sergeant (D:5)
  A scorpion (D:6)
  4 wights (D:6)
  2 crimson imps
  A hound (D:4)
  4 gnoll shamans
  An orc priest (D:3)
  Crazy Yiuf (D:3)
  A bullfrog skeleton (D:4)
  Ijyb (D:3)
  Natasha (thrice) (D:3)
  A killer bee zombie (D:6)
  A howler monkey zombie (D:6)
  7 adders
  36 gnolls
  A howler monkey skeleton (D:4)
  An ooze (D:2)
  2 adder zombies
  A dart slug (D:1)
  A worm (D:2)
  2 leopard geckos
  3 orcs (D:3)
  4 giant cockroaches
  6 goblins
  6 hobgoblins
  20 jackals
  3 quokkas
  3 ball pythons
  10 bats
  5 frilled lizards
  3 kobolds
  A leopard gecko zombie (D:5)
  A quokka skeleton (D:5)
  A quokka zombie (D:5)
  7 rats
  A fungus (D:3)
  A plant (D:1)
153 creatures vanquished.

Notes
Turn   | Place    | Note
-------+----------+-------------------------------------------
     0 | D:1      | sscrono2 the Octopode Assassin began the quest for the Orb.
     0 | D:1      | Reached XP level 1. HP: 14/14 MP: 1/1
    82 | D:1      | Reached XP level 2. HP: 19/19 MP: 2/2
   211 | D:1      | Reached skill level 6 in Stealth
   408 | D:1      | Reached XP level 3. HP: 19/24 MP: 3/3
   602 | D:2      | Found a hazy altar of Hepliaklqana.
   912 | D:2      | Reached XP level 4. HP: 30/30 MP: 4/4
   957 | D:3      | Reached skill level 7 in Stealth
  1099 | D:3      | Noticed Ijyb
  1112 | D:3      | Killed Ijyb
  1112 | D:3      | Reached XP level 5. HP: 29/36 MP: 2/5
  1204 | D:3      | Found an opulent altar of Gozag.
  1288 | D:3      | Noticed Natasha
  1297 | D:3      | Killed Natasha
  1538 | D:3      | Noticed Natasha
  1545 | D:3      | Killed Natasha
  1631 | D:3      | Noticed Natasha
  1639 | D:3      | Killed Natasha
  1734 | D:3      | Found a runed door.
  1738 | D:3      | Noticed Crazy Yiuf
  1742 | D:3      | Killed Crazy Yiuf
  1742 | D:3      | Reached skill level 8 in Stealth
  1742 | D:3      | Reached XP level 6. HP: 42/42 MP: 6/6
  2010 | D:4      | Found a white marble altar of Elyvilon.
  2177 | D:4      | Learned a level 4 spell: Summon Ice Beast
  2485 | D:5      | Entered Level 5 of the Dungeon
  2529 | D:5      | Found an ornate altar of the Wu Jian Council.
  2549 | D:5      | Reached XP level 7. HP: 44/47 MP: 5/7
  2812 | D:5      | Found a burning altar of Makhleb.
  2830 | D:5      | Gained mutation: Your skin blends seamlessly with your surroundings (Stealth++). [mutagenic meat]
  2831 | D:5      | Gained mutation: You passively map a small area around you. [mutagenic meat]
  2832 | D:5      | Gained mutation: You are resistant to electric shocks. (rElec) [mutagenic meat]
  3229 | D:5      | Reached skill level 5 in Short Blades
  3256 | D:5      | Reached skill level 9 in Stealth
  3956 | D:5      | HP: 2/48 [poisoned by a gnoll]
  4528 | D:5      | Reached XP level 8. HP: 42/54 MP: 6/8
  5174 | D:5      | Reached skill level 5 in Fighting
  5593 | D:5      | Reached skill level 10 in Stealth
  5707 | D:6      | Found a glowing golden altar of the Shining One.
  5962 | D:6      | Reached XP level 9. HP: 37/61 MP: 6/9
  5976 | D:6      | Noticed demenzo's ghost (novice FoAK)
  5980 | D:6      | Mangled by an ogre

Vault maps used:
D:1:      lightli_arrival_windingriver, serial_forest,
          infiniplex_forest_clump_small, infiniplex_forest_diagonal,
          infiniplex_forest_lined_room_3, infiniplex_forest_corner_1,
          infiniplex_forest_clump_small, infiniplex_forest_straight_1,
          solitary_fountain, minmay_misc_feat_tiny
D:2:      lemuel_round_altar
D:3:      first_bread, st_stairs_9,
          nicolae_gozag_cash_rules_everything_around_me, uniq_natasha,
          uniq_crazy_yiuf_cottage, uniq_ijyb
D:4:      overflow_temple_1_default, kennysheep_generic_room_8
D:5:      lemuel_castle_with_subvaults, lemuel_round_altar, bloody_makhleb
D:6:      lemuel_insect_pit, lemuel_doored_altar, basic_altar

Skill      XL: |  1  2  3  4  5  6  7  8 |
---------------+-------------------------+-----
Stealth        | 6 7 8 9 10 | 10.4
Short Blades   | 3 4 5 7 |  7.6
Fighting       | 3 4 5 |  5.6
Throwing       | |  2.0
Dodging        | |  1.0

Action                   |  1- 3 |  4- 6 |  7- 9 || total
-------------------------+-------+-------+-------++-------
Melee: Dagger            |    71 |   104 |   290 ||   465
       Constrict         |    11 |    24 |    62 ||    97
       Tentacles         |    16 |    20 |    55 ||    91
 Fire: Blowgun           |       |       |    29 ||    29
Throw: Throwing net      |       |       |     1 ||     1
Evoke: Wand              |       |     2 |     6 ||     8
  Use: Scroll            |       |     2 |     5 ||     7
       Potion            |       |     1 |     5 ||     6
 Stab: Sleeping          |    11 |     4 |     9 ||    24
       Paralysed         |       |     1 |     1 ||     2
       Distracted        |       |       |     3 ||     3
  Eat: Chunk             |       |     5 |    14 ||    19
Armor: Skin              |     5 |     3 |     9 ||    17
Dodge: Dodged            |    25 |    52 |   142 ||   219
